 Dungeon Crawl Stone Soup version 0.17.0-9-g801d43b (webtiles) character file.

16 HungrySpirit the Skirmisher (level 2, -3/28 HPs)
             Began as an Ogre Arcane Marksman on Nov 9, 2015.
             Killed from afar by Terence (11 damage)
             ... with a wand of frost
             ... on level 2 of the Dungeon.
             The game lasted 00:01:32 (1161 turns).

HungrySpirit the Skirmisher (Ogre Arcane Marksman)  Turns: 1161, Time: 00:01:32

Health: -3/28      AC:  3    Str: 15    XL:     2   Next: 54%
Magic:  3/3        EV: 10    Int: 12    God:
Gold:   30         SH:  0    Dex:  9    Spells: 1 memorised, 2 levels left

rFire  . . .     SeeInvis .     f - +0 whip (flame)
rCold  . . .     Clarity  .     c - +0 robe
rNeg   . . .     SustAt   .     (no shield)
rPois  .         Gourm    .     (helmet restricted)
rElec  .         Spirit   .     (no cloak)
rCorr  .         Warding  .     (gloves unavailable)
rMut   .         Stasis   .     (boots unavailable)
MR     .....                    (no amulet)
Stlth  +.........               (no ring)
                                (no ring)

@: not resistant to hostile enchantments, very unstealthy
A: unfitting armour, tough skin 1
a: no special abilities


You were on level 2 of the Dungeon.
You were hungry.

You visited 1 branch of the dungeon, and saw 2 of its levels.

You collected 30 gold pieces.

Inventory:

Hand Weapons
 f - a +0 whip of flaming (weapon)
 i - a +0 club
Missiles
 j - 4 large rocks (quivered)
Armour
 c - a +0 robe (worn)
Jewellery
 a - an uncursed ring of ice
Scrolls
 g - 2 scrolls of identify {unknown}
 h - a scroll of enchant armour {unknown}
 l - a scroll of random uselessness {unknown}
 o - a scroll of enchant weapon {unknown}
Potions
 m - a potion of heal wounds {unknown}
Books
 d - a book of Debilitation

   Spells                             Type                      Level
   a - Corona                         Hexes                        1
   b - Slow                           Hexes                        2
   c - Gell's Gravitas                Hexes/Translocation          3
   d - Inner Flame                    Hexes/Fire                   3
   e - Cause Fear                     Hexes                        4
   f - Leda's Liquefaction            Hexes/Earth                  4
Comestibles
 e - a bread ration
 n - a meat ration


   Skills:
 + Level 2.2 Fighting
 * Level 2.0 Maces & Flails
 - Level 2.1 Throwing
 - Level 1.7 Dodging
 - Level 1.2 Spellcasting
 - Level 2.1 Hexes


You had 2 spell levels left.
You knew the following spells:

 Your Spells              Type           Power        Failure   Level  Hunger
a - Corona                Hex            #......      14%         1    ##.....


Dungeon Overview and Level Annotations

Branches:
Dungeon (2/15)

Altars:

Annotations:
D:2 Terence


Innate Abilities, Weirdness & Mutations

You are too large for most types of armour.
You have tough skin (AC +1).


Message History

You hit Terence. You burn Terence.
Terence is moderately wounded.
The rat bites you. The rat barely misses you.
You hit Terence but do no damage.
Terence is moderately wounded.
Terence struggles against the net.
The rat bites you but does no damage. The rat barely misses you.
Terence struggles against the net.
The net rips apart, and Terence comes free!
You hit Terence but do no damage.
Terence is moderately wounded.
Terence hits you but does no damage. The rat bites you. The rat bites you.
* * * LOW HITPOINT WARNING * * *
Throwing (i - inventory. (,) - cycle):
b - a throwing net (quivered)
Press: ? - help, Shift-Dir - straight line, f/p - Terence
Aim: Terence, wielding a flail, wearing a runed chain mail and carrying a wand of frost {zapped: 1} (moderately wounded, fast)
You throw a throwing net. The throwing net hits Terence.
Terence is caught in the net!
Terence is moderately wounded.
Terence zaps a wand.
The puff of frost hits you!
You die...

######
##....####
##..r......
#.<@@....#
#...r.....[
#.<......##
..........#
###........#
##......##
#.....##
....###


You could see Terence (caught) and 2 rats.

Vanquished Creatures
  3 giant cockroaches (D:1)
  3 hobgoblins (D:1)
  2 bats (D:1)
  4 goblins (D:1)
  2 kobolds (D:1)
  A rat (D:1)
15 creatures vanquished.

Notes
Turn   | Place    | Note
--------------------------------------------------------------
     0 | D:1      | HungrySpirit the Ogre Arcane Marksman began the quest for the Orb.
     0 | D:1      | Reached XP level 1. HP: 19/19 MP: 2/2
   351 | D:1      | Reached skill level 1 in Maces & Flails
   357 | D:1      | Reached XP level 2. HP: 21/28 MP: 3/3
  1154 | D:2      | Noticed Terence
  1161 | D:2      | Killed from afar by Terence

Action                   || total
-------------------------++-------
Melee: Short sword       ||    18
       Unarmed           ||     5
       Spear             ||     4
       Whip              ||    35
Throw: Large rock        ||     5
       Throwing net      ||     5
